 Dungeon Crawl Stone Soup version 0.18.1-8-gdd0e5ea (webtiles) character file.

524 Implojin the Insei (level 7, -3/56 HPs)
             Began as a Mummy Monk on May 22, 2016.
             Slain by a giant gecko (5 damage)
             ... on level 7 of the Dungeon.
             The game lasted 00:19:05 (11315 turns).

Implojin the Insei (Mummy Monk)                    Turns: 11315, Time: 00:19:05

Health: -3/56      AC:  2    Str: 14    XL:     7   Next: 2%
Magic:  7/7        EV:  8    Int:  9    God:
Gold:   267        SH:  0    Dex: 17    Spells: 0 memorised, 6 levels left

rFire  x . .     SeeInvis .       - Unarmed
rCold  + . .     Gourm    .     (no armour)
rNeg   + + +     Faith    .     (no shield)
rPois  ∞         Spirit   .     d - +0 helmet
rElec  .         Dismiss  .     e - +0 cloak
rCorr  .         Reflect  .     (no gloves)
SustAt .         Harm     .     (no boots)
MR     .....                    (no amulet)
Stlth  +.........               (no ring)
                                b - ring of loudness (curse)

@: not resistant to hostile enchantments, very unstealthy
A: no food or potions, fire vulnerability, cold resistance 1, negative energy
resistance 3, torment resistance, unbreathing
a: no special abilities


You were on level 7 of the Dungeon.
You were not hungry.

You visited 1 branch of the dungeon, and saw 7 of its levels.

You collected 267 gold pieces.

Inventory:

Hand Weapons
 k - a +1 short sword of distortion
Armour
 d - a +0 helmet (worn)
 e - a +0 cloak (worn)
Jewellery
 b - a cursed ring of loudness (left hand)
Scrolls
 a - 2 scrolls of amnesia
 g - a scroll of recharging
 h - 2 scrolls of enchant weapon
 i - 2 scrolls of magic mapping
 j - a scroll of noise
 l - a scroll of immolation {unknown}
Books
 c - a book of Changes

   Spells                             Type                      Level
   a - Beastly Appendage              Transmutation                1
   b - Sticks to Snakes               Transmutation                2
   c - Spider Form                    Transmutation/Poison         3
   d - Ice Form                       Ice/Transmutation            4
   e - Blade Hands                    Transmutation                5
 m - a book of Battle

   Spells                             Type                      Level
   a - Infusion                       Charms                       1
   b - Shroud of Golubria             Charms/Translocation         2
   c - Song of Slaying                Charms                       2
   d - Spectral Weapon                Hexes/Charms                 3
   e - Regeneration                   Charms/Necromancy            3
Comestibles
 f - 6 bread rations (quivered)


   Skills:
 * Level 5.3 Fighting
 - Level 2.4 Dodging
 - Level 1.5 Stealth
 - Level 6.0 Unarmed Combat


You had 6 spell levels left.
You didn't know any spells.

Dungeon Overview and Level Annotations

Branches:
Dungeon (7/15)             Temple (0/1) D:4

Altars:
Ashenzari
Dithmenos
Sif Muna
Zin

Annotations:
D:2 exclusion: downstairs
D:3 exclusion: downstairs, Edmund; tyvek's ghost, amateur HEFE
D:4 jujuben's ghost, amateur HOBe
D:7 Joseph


Innate Abilities, Weirdness & Mutations

You do not eat or drink.
Your flesh is vulnerable to fire.
You are immune to poison.
Your flesh is cold resistant.
You are immune to negative energy.
You are immune to unholy pain and torment.
You can survive without breathing.


Message History

Reactivating autopickup.
Found a stone staircase leading down.
The sky beast flickers out of sight!
Deactivating autopickup; reactivate with Ctrl-A.
The centaur wields a glowing shortbow.
The centaur shoots an arrow.
The arrow closely misses you.
There is a stone staircase leading down here.
The centaur shoots an arrow.
Something hits you but does no damage.
You climb downwards.
A giant gecko, a giant frog, a shadow imp, Joseph and a zombie come into view.
Joseph shouts!
The shadow imp shouts!
The giant frog gives a loud, deep croak!
Found a scroll of recharging.
Found a stone staircase leading up.
There is a stone staircase leading up here.
Joseph unwields an uncursed quarterstaff.
Joseph wields a hunting sling.
Joseph shoots a sling bullet.
The sling bullet completely misses you.
You see here a sling bullet.
The giant gecko barely misses you.
Found a stone staircase leading down.
A giant gecko comes into view.
Found a pair of embroidered gloves.
A worker ant comes into view.
The giant gecko bites you but does no damage.
The giant gecko barely misses you.
The sentinel's mark upon you fades away.
Joseph shoots a sling bullet.
The sling bullet misses you.
Joseph shoots a sling bullet.
The sling bullet completely misses you. The worker ant barely misses you.
The shadow imp hits you but does no damage.
Joseph shoots a sling bullet.
The sling bullet misses you. The giant gecko misses you.
Joseph shoots a sling bullet.
The sling bullet hits you!
* * * LOW HITPOINT WARNING * * *
There is a stone staircase leading up here.
You see here a sling bullet.
Unknown command.
The giant gecko hisses menacingly.
The giant gecko bites you.
You die...

####. ###..+. #....#.
#.....> .
#.....(##########.# #
#.......lFa5@...#.#.#
#.........{lZ.......
#.[.....#.....#.#.###
#.......#.#..........
#......l#...@........
#............<.......
###+#.#.###..........
#.#.# #..........
..#..........?...


You could see Joseph, a giant frog, a worker ant, a shadow imp, a giant frog
zombie and 2 giant geckos.

Vanquished Creatures
  A big kobold (D:2)
  2 giant frog skeletons
  Natasha (D:3)
  A worker ant (D:5)
  Robin (D:2)
  13 adders
  3 gnolls
  3 oozes
  An adder skeleton (D:4)
  3 worms
  A dart slug (D:2)
  A giant gecko (D:2)
  11 orcs
  8 bats
  6 giant cockroaches
  27 goblins
  18 hobgoblins
  6 jackals
  3 quokkas
  6 giant newts
  28 kobolds
  7 rats
151 creatures vanquished.

Notes
Turn   | Place    | Note
--------------------------------------------------------------
     0 | D:1      | Implojin the Mummy Monk began the quest for the Orb.
     0 | D:1      | Reached XP level 1. HP: 18/18 MP: 1/1
   631 | D:1      | Reached XP level 2. HP: 20/24 MP: 2/2
  1216 | D:1      | Reached skill level 4 in Unarmed Combat
  1340 | D:1      | Reached XP level 3. HP: 26/29 MP: 3/3
  2956 | D:2      | Reached XP level 4. HP: 35/35 MP: 4/4
  3339 | D:2      | Noticed Robin
  3594 | D:2      | Reached skill level 5 in Unarmed Combat
  3841 | D:2      | HP: 1/35 [adder (1)]
  4178 | D:2      | Reached XP level 5. HP: 14/41 MP: 5/5
  4953 | D:2      | Killed Robin
  5283 | D:3      | Found a shattered altar of Ashenzari.
  5354 | D:3      | Found a shadowy altar of Dithmenos.
  6586 | D:3      | Found a deep blue altar of Sif Muna.
  6991 | D:3      | Reached skill level 6 in Unarmed Combat
  7017 | D:3      | Noticed Natasha
  7057 | D:3      | Noticed tyvek's ghost (amateur HEFE)
  7236 | D:3      | Killed Natasha
  7236 | D:3      | Reached XP level 6. HP: 41/47 MP: 6/6
  8374 | D:2      | Reached skill level 4 in Fighting
  9186 | D:4      | Noticed Edmund
  9558 | D:4      | Noticed jujuben's ghost (amateur HOBe)
 10178 | D:4      | Found a staircase to the Ecumenical Temple.
 10769 | D:5      | Entered Level 5 of the Dungeon
 10828 | D:5      | Reached skill level 5 in Fighting
 10940 | D:5      | Reached XP level 7. HP: 40/56 MP: 7/7
 11215 | D:5      | Found a glowing silver altar of Zin.
 11301 | D:7      | Noticed Joseph
 11314 | D:7      | HP: 2/56 [Joseph/sling bullet (12)]
 11315 | D:7      | Slain by a giant gecko

Skill      XL: |  1  2  3  4  5  6 |
---------------+-------------------+-----
Unarmed Combat | 4 5 6 |  6.0
Fighting       | 5 |  5.3
Dodging        | |  2.4
Stealth        | |  1.5

Action                   |  1- 3 |  4- 6 |  7- 9 || total
-------------------------+-------+-------+-------++-------
Melee: Unarmed           |   186 |   523 |    12 ||   721
       Punch             |     2 |     8 |       ||    10
  Use: Scroll            |       |    10 |       ||    10
 Stab: Distracted        |     1 |       |       ||     1
       Sleeping          |     3 |     1 |       ||     4
Armor: Skin              |     1 |    47 |     5 ||    53
Dodge: Dodged            |    99 |   333 |    22 ||   454

Table legend:
 A = Turns spent in this place as a percentage of turns spent in the entire game.
 B = Non-inter-level travel turns spent in this place as a percentage of non-inter-level travel turns spent in the entire game.
 C = Inter-level travel turns spent in this place as a percentage of turns spent in this place.
 D = Turns resting spent in this place as a percentage of non-inter-level travel turns spent in this place.
 E = Turns spent auto-exploring this place as a percentage of non-inter-level travel turns spent in this place.
 F = Non-inter-level travel turns spent in this place divided by the number of levels of this place that you've seen.
                   A       B       C       D       E      F
               +-------+-------+-------+-------+-------+----------------------
         Total | 100.0 | 100.0 |   0.3 |   5.3 |   4.1 | 410.0
       Dungeon | 100.0 | 100.0 |   0.3 |   5.3 |   4.1 | 410.0
               +-------+-------+-------+-------+-------+----------------------

Table legend:
 A = Kills in this place as a percentage of kills in entire the game.
 B = Kills by you in this place as a percentage of kills by you in the entire game.
 C = Kills by friends in this place as a percentage of kills by friends in the entire game.
 D = Other kills in this place as a percentage of other kills in the entire game.
 E = Experience gained in this place as a percentage of experience gained in the entire game.
 F = Experience gained in this place divided by the number of levels of this place that you have seen.
                   A       B       C       D       E      F
               +-------+-------+-------+-------+-------+----------------------
         Total | 100.0 | 100.0 |  -nan |  -nan | 100.0 | 107.0
       Dungeon | 100.0 | 100.0 |  -nan |  -nan | 100.0 | 107.0
               +-------+-------+-------+-------+-------+----------------------
